 Dungeon Crawl Stone Soup version 0.17-a0-1632-g0af21bd (console) character file.

893 Monkaria the Covert (level 7, 0/33 HPs)
             Began as a Felid Warper on Aug 3, 2015.
             Was a Believer of Dithmenos.
             Killed by divine providence
             ... invoked by an orc priest
              (12 damage)
             ... on level 6 of the Dungeon.
             The game lasted 00:31:15 (10177 turns).

Monkaria the Covert (Felid Warper)                 Turns: 10177, Time: 00:31:15

Health: 0/33       AC:  2    Str:  9    XL:     7   Next: 78%
Magic:  11/14      EV: 20    Int: 14    God:    Dithmenos [**....]
Gold:   392        SH:  0    Dex: 16    Spells: 4 memorised, 6 levels left
                                        Lives:  0   Deaths: 2

rFire  . . .     SeeInvis +       - Unarmed
rCold  . . .     Clarity  .     (armour unavailable)
rNeg   . . .     SustAt   .     (shield unavailable)
rPois  .         Gourm    .     (helmet unavailable)
rElec  .         Spirit   .     (cloak unavailable)
rCorr  .         Warding  .     (gloves unavailable)
rMut   .         Stasis   .     (boots unavailable)
MR     +....                    (no amulet)
Stlth  +++++++...               (no ring)
                                (no ring)

@: wreathed by umbra, quick, somewhat resistant to hostile enchantments,
extremely stealthy
A: no armour, no weapons or thrown items, claws 1, fangs 3, see invisible,
carnivore 3, speed 1, shaggy fur 2, slow metabolism 1, sharp paws
a: Shadow Step, Renounce Religion


You were on level 6 of the Dungeon.
You worshipped Dithmenos.
Dithmenos was pleased with you.
You were completely stuffed.

You visited 2 branches of the dungeon, and saw 7 of its levels.

You collected 392 gold pieces.

Inventory:

Jewellery
 f - an uncursed ring of ice
Magical devices
 z - a wand of flame (11)
Scrolls
 b - a scroll of blinking
 g - a scroll of fear
 k - 2 scrolls of random uselessness {unknown}
 l - a scroll of immolation {unknown}
 m - 5 scrolls of remove curse {unknown}
 o - 2 scrolls of amnesia {unknown}
 r - 2 scrolls of teleportation {unknown}
 t - 2 scrolls of fog {unknown}
 w - a scroll of silence {unknown}
 y - a scroll of magic mapping {unknown}
Potions
 d - 3 potions of curing
 e - a potion of magic
 h - 2 potions of might
 i - a potion of mutation {unknown}
 p - 3 potions of haste
 q - a potion of invisibility {unknown}
 s - a potion of lignification {unknown}
 u - a potion of brilliance {unknown}
 x - a potion of poison {unknown}
 A - 2 potions of flight {unknown}
Books
 a - a book of Spatial Translocations

   Spells                             Type                      Level
   a - Apportation                    Translocation                1
   b - Blink                          Translocation                2
   c - Shroud of Golubria             Charms/Translocation         2
   d - Portal Projectile              Translocation                3
   e - Teleport Other                 Translocation                3
   f - Passage of Golubria            Translocation                4
 j - a book of Power

   Spells                             Type                      Level
   a - Fulminant Prism                Conjuration/Hexes            4
   b - Iskenderun's Mystic Blast      Conjuration                  4
   c - Venom Bolt                     Conjuration/Poison           5
   d - Bolt of Magma                  Conjuration/Fire/Earth       5
   e - Iron Shot                      Conjuration/Earth            6
   f - Orb of Destruction             Conjuration                  7
   g - Spellforged Servitor           Conjuration/Summoning        7
Comestibles
 c - 7 meat rations
 n - a slice of pizza
 v - a beef jerky


   Skills:
 + Level 5.6 Fighting
 - Level 5.1 Dodging
 - Level 10.3 Stealth
 - Level 4.3 Unarmed Combat
 - Level 4.2 Spellcasting
 - Level 4.4 Translocations


You had 6 spell levels left.
You knew the following spells:

 Your Spells              Type           Power        Failure   Level  Hunger
a - Apportation           Tloc           ###.......   3%          1    None
b - Blink                 Tloc           N/A          6%          2    ##.....
c - Teleport Other        Tloc           ###.....     12%         3    ###....
d - Shroud of Golubria    Chrm/Tloc      #.........   14%         2    ##.....


Dungeon Overview and Level Annotations

Branches:
Dungeon (6/15)             Temple (1/1) D:5

Altars:
Ashenzari
Cheibriados
Dithmenos
Fedhas
Gozag
Kikubaaqudgha
Makhleb
Okawaru
Qazlal
Ru
Sif Muna
Trog
Vehumet
Xom
Zin
The Shining One

Annotations:
D:3 Sigmund


Innate Abilities, Weirdness & Mutations

You cannot wear armour.
You are incapable of wielding weapons or throwing items.
You have sharp claws.
You have razor-sharp teeth.
You have supernaturally acute eyesight.
You are carnivorous and can eat meat at any time.
You cover ground quickly.
You are covered in thick fur (AC +2).
You have a slow metabolism.
Your sharp claws are effective at attacking unaware monsters.


Message History

Dithmenos accepts your kill.
An orc warrior comes into view. It is wielding a mace.
There are monsters nearby!
You closely miss the orc warrior.
The orc warrior shouts!
The orc priest shouts!
You hear a shout!
The orc warrior hits you with a mace!
Things that are here:
a mace; a leather armour The orc priest calls down the wrath of Beogh upon you.
Something smites you!
You see here a club.
Casting: Shroud of Golubria
Confirm with . or Enter, or press ? or * to list all spells.
Aiming: Teleport Other
Press: ? - help, Shift-Dir - straight line, f - orc warrior
Aim: an orc warrior, wielding a mace and wearing a chain mail (chance to defeat MR: 51%)
The orc warrior resists with significant effort.
The orc priest invokes the aid of Beogh against you.
Something smites you!
You die...

#####...########.#
..<.........>..#o#
#.##[...##...#.#.#
#)##.#..#....#.#)#
#.##....#......#.#
..####.##....###o#
..# #.#.......#.#
).# #...[#..#.#.#
..## #[##.#..#.#@#
...###.........#.#
............####.#
)....)..#........#
.....#[.#)#########
..#..#...........<#
#.##............###
#.##..........(...#
#.##...........##.#


You could see an orc warrior and an orc priest.

Vanquished Creatures
  2 sky beasts
  An ice beast (D:4)
  A giant frog (D:6)
  5 scorpions (D:5)
  4 wights (D:6)
  4 crimson imps
  3 orc priests (D:6)
  A hound (D:4)
  5 orc wizards
  A gnoll shaman (D:6)
  2 iguanas
  3 worker ants
  A hound zombie (D:5)
  2 hound skeletons (D:4)
  A worker ant zombie (D:6)
  11 adders
  12 gnolls
  2 oozes
  2 worms
  An adder skeleton (D:5)
  6 giant geckos
  20 orcs
  3 ball pythons
  17 bats
  10 goblins
  4 hobgoblins
  3 jackals (D:3)
  4 quokkas
  7 giant cockroaches
  6 giant newts
  9 kobolds
  8 rats
  A fungus (D:5)
162 creatures vanquished.

Notes
Turn   | Place    | Note
--------------------------------------------------------------
     0 | D:1      | Monkaria the Felid Warper began the quest for the Orb.
     0 | D:1      | Reached XP level 1. HP: 9/9 MP: 4/4
   175 | D:1      | Reached XP level 2. HP: 13/13 MP: 6/6
   179 | D:1      | Learned a level 2 spell: Blink
   666 | D:1      | Reached XP level 3. HP: 11/16 MP: 7/7
  1815 | D:2      | Reached XP level 4. HP: 6/21 MP: 8/8
  2247 | D:2      | Found a shadowy altar of Dithmenos.
  2270 | D:2      | Became a worshipper of Dithmenos the Shadowed
  3233 | D:2      | Learned a level 3 spell: Teleport Other
  3448 | D:3      | Reached skill level 5 in Dodging
  3922 | D:3      | Reached XP level 5. HP: 20/24 MP: 9/9
  4436 | D:3      | Noticed Sigmund
  4909 | D:3      | Slain by a worker ant
  4910 | D:3      | Reached XP level 4. HP: -3/22 MP: 8/8
  4964 | D:4      | Reached skill level 5 in Fighting
  4964 | D:4      | Reached XP level 5. HP: 24/26 MP: 9/9
  5161 | D:4      | Found a glowing golden altar of the Shining One.
  5360 | D:4      | Reached skill level 1 in Stealth
  5778 | D:4      | Noticed an ice beast
  5794 | D:5      | Entered Level 5 of the Dungeon
  5798 | D:5      | Learned a level 2 spell: Shroud of Golubria
  5836 | D:4      | Killed an ice beast
  5836 | D:4      | Gained mutation: You are covered in thick fur (AC +2). [Felid growth]
  5836 | D:4      | Reached XP level 6. HP: 30/30 MP: 8/10
  5925 | D:4      | Reached skill level 5 in Stealth
  6036 | D:5      | Found a staircase to the Ecumenical Temple.
  6101 | Temple   | Entered the Ecumenical Temple
  6548 | D:5      | Reached skill level 6 in Stealth
  6799 | D:5      | Reached skill level 7 in Stealth
  6799 | D:5      | Reached XP level 7. HP: 33/33 MP: 11/11
  6829 | D:5      | Noticed a sky beast
  6834 | D:5      | Killed a sky beast
  7004 | D:5      | Reached skill level 8 in Stealth
  7086 | D:5      | Reached skill level 9 in Stealth
  8055 | D:6      | Reached skill level 10 in Stealth
  8055 | D:6      | Reached XP level 8. HP: 37/37 MP: 12/12
  8091 | D:6      | Acquired Dithmenos's first power
  9862 | D:6      | Killed from afar by an orc priest
  9863 | D:6      | Reached XP level 7. HP: -3/33 MP: 7/14
 10177 | D:6      | Killed from afar by an orc priest

Vault maps used:
D:1:      roderic_chinese_lattice_arrival, minmay_fountain_box
D:2:      grunt_dithmenos_smoke
D:3:      first_bread, uniq_sigmund
D:4:      overflow_temple_1_default
D:5:      old_forge, minmay_temple_entry_overgrown
D:6:      minmay_door_square
Temple:   chambers_temple_14

Action                   |  1- 3 |  4- 6 |  7- 9 || total
-------------------------+-------+-------+-------++-------
Melee: Unarmed           |    99 |   292 |   347 ||   738
 Cast: Blink             |       |     2 |     1 ||     3
       Teleport Other    |       |     2 |     8 ||    10
       Shroud of Golubri |       |     2 |    26 ||    28
       Apportation       |       |     3 |       ||     3
  Use: Scroll            |       |     4 |       ||     4
       Potion            |       |     3 |       ||     3
 Stab: Sleeping          |     3 |    12 |     8 ||    23
       Distracted        |       |     2 |     1 ||     3
  Eat: Chunk             |     9 |    15 |    15 ||    39
